 Dungeon Crawl Stone Soup version 0.27-a0-1319-geec4fb4e21 (webtiles) character file.

Game seed: 18113467589948311308

15 solopath the Ruffian (level 2, 0/25 HPs)
             Began as a Naga Transmuter on June 22, 2021.
             Slain by an endoplasm (2 damage)
             ... on level 1 of the Dungeon.
             The game lasted 00:00:38 (594 turns).

solopath the Ruffian (Naga Transmuter)               Turns: 594, Time: 00:00:39

Health: 0/25       AC:  1    Str: 12    XL:     2   Next: 50%
Magic:  5/5        EV:  9    Int: 13    God:
Gold:   48         SH:  0    Dex: 11    Spells: 4/5 levels left

rFire    . . .     SeeInvis +     - Unarmed
rCold    . . .     Faith    .   (no shield)
rNeg     . . .     Spirit   .   a - +0 robe
rPois    +         Reflect  .   (no helmet)
rElec    .         Harm     .   (no cloak)
rCorr    .         Rampage  .   (no gloves)
Will     .....                  (no barding)
Stlth    +.........             (no amulet)
HPRegen  0.08/turn              (no ring)
MPRegen  0.09/turn              (no ring)

@: very slow
A: AC +0, large, see invisible, deformed body, poison resistance, slowness 2,
spit poison 1, naga tail 1
a: Spit Poison


You were on level 1 of the Dungeon.
You visited 1 branch of the dungeon, and saw 1 of its levels.

You collected 48 gold pieces.

Inventory:

Armour
 a - a +0 robe (worn)
Scrolls
 b - a scroll of immolation {unknown}
Potions
 c - a potion of curing {unknown}
 d - a potion of mutation {unknown}


   Skills:
 - Level 1.0 Fighting
 - Level 1.5 Dodging
 - Level 3.0 Unarmed Combat
 - Level 2.0 Spellcasting
 * Level 3.0 Transmutations


You had 4 spell levels left.
You knew the following spells:

 Your Spells              Type           Power      Damage    Failure   Level
a - Beastly Appendage     Tmut           18%        N/A       7%          1

Your spell library contained the following spells:

 Spells                   Type           Power      Damage    Failure   Level
 Wereblood                Tmut           9%         N/A       11%         2
 Spider Form              Tmut/Pois      2%         N/A       38%         3
 Ice Form                 Ice/Tmut       5%         N/A       80%         4


Dungeon Overview and Level Annotations

Branches:
Dungeon (1/15)

Altars:


Innate Abilities, Weirdness & Mutations

Your serpentine skin is tough. (AC +0)
You have supernaturally acute eyesight. (SInv)
Armour fits poorly on your strangely shaped body.
Your system is resistant to poisons. (rPois)
You cover ground very slowly.
You can spit poison.
You have a snake-like lower body.


Message History

Your transformation is almost over.
The jackal barely misses you.
You hit the jackal.
The jackal is moderately wounded.
The jackal completely misses you.
You closely miss the jackal.
The jackal is moderately wounded.
The jackal barely misses you. The jackal bites you.
You hit the jackal.
You kill the jackal!
Your Transmutations skill increases to level 3!
You closely miss the jackal. The jackal barely misses you.
You closely miss the jackal. The jackal bites you. x2
You hit the jackal.
The jackal is severely wounded.
The jackal bites you.
Press: ? - help, Shift-Dir - straight line, f - jackal
Aim: a jackal (severely wounded)
The splash of poison hits the jackal.
The jackal is almost dead.
The jackal barely misses you. x2
You hit the jackal.
You kill the jackal!
You hit the endoplasm but do no damage. You headbutt the endoplasm.
Your punch misses the endoplasm.
The endoplasm is heavily wounded.
The endoplasm freezes you.
You are frozen.
* * * LOW HITPOINT WARNING * * *
You hit the endoplasm.
The endoplasm is severely wounded.
Your horns disappear.
The endoplasm freezes you.
You are frozen.
* * * LOW HITPOINT WARNING * * *
You hit the endoplasm.
The endoplasm is almost dead.
You have got your breath back.
The endoplasm hits you.
You die...

#. #. ### #. ###### #
...#.### #....# ###### #
#J#.#.###....# #....# ...
...#.J@'....# #....#
##...#.#†###...†### #....#
........J..#......# #....#
####.#.#.#.#..###.####....#
.................+.....
...#.#.#.#..###.####.....
.....#.#.#>...###.####.....
#... #.#.###.#.........###.
... ..#.###.#.#........##.


You could see an endoplasm.

Vanquished Creatures
  A dart slug (D:1)
  A bat (D:1)
  An endoplasm (D:1)
  A giant cockroach (D:1)
  A goblin (D:1)
  3 jackals (D:1)
  A kobold (D:1)
  A frilled lizard (D:1)
  A rat (D:1)
11 creatures vanquished.

Notes
Turn   | Place    | Note
-------+----------+-------------------------------------------
     0 | D:1      | solopath the Naga Transmuter began the quest for the Orb.
     0 | D:1      | Reached XP level 1. HP: 18/18 MP: 3/3
   228 | D:1      | Reached XP level 2. HP: 25/25 MP: 5/5
   594 | D:1      | Slain by an endoplasm

Illustrated notes

Levels and vault maps discovered:
D:1:      lightli_arrival_farm, layout_basic

Skill      XL: |  1  2 |
---------------+-------+-----
Transmutations | 3 |  3.0
Fighting       | |  1.0
Dodging        | |  1.5
Unarmed Combat | |  3.0
Spellcasting   | |  2.0

Action                   || total
-------------------------++-------
Melee: Unarmed           ||    25
       Headbutt          ||     1
 Cast: Beastly Appendage ||     2
 Abil: Spit Poison       ||     9
Armor: Robe              ||     7
Dodge: Dodged            ||    14

Table legend: (Time is in decaauts)
 A = Elapsed time spent in this place.
 B = Non-inter-level travel time spent in this place.
 C = Inter-level travel time spent in this place.
 D = Time resting spent in this place.
 E = Time spent auto-exploring this place.
 F = Levels seen in this place.
 G = Mean time per level.
                   A        B        C        D        E       F      G
               +--------+--------+--------+--------+--------+-----+--------+
         Total |    821 |    821 |      0 |      0 |    750 |   1 |  821.0 |
       Dungeon |    821 |    821 |      0 |      0 |    750 |   1 |  821.0 |
               +--------+--------+--------+--------+--------+-----+--------+

Top non-repeatable levels by time:
     D:1: 821 daAuts
